 Dungeon Crawl Stone Soup version 0.29-a0-775-g4d7333d4e2 (webtiles) character file.

Game seed: 11075352927703785946

4790 zeratav the Grappler (level 10, -11/100 HPs)
             Began as a Troll Fighter on July 1, 2022.
             Was a Follower of Ru.
             Mangled by a spriggan
             ... wielding the +11 war axe of Raep {vorpal, rElec rF+ Str+2 Dex-5}
              (16 damage)
             ... in a bailey.
             The game lasted 00:12:22 (6934 turns).

zeratav the Grappler (Troll Fighter)                Turns: 6934, Time: 00:12:23

Health: -11/100    AC:  6    Str: 30    XL:     10   Next: 24%
Magic:  9/9        EV:  8    Int:  4    God:    Ru [*.....]
Gold:   368        SH: 14    Dex:  9    Spells: 9/9 levels left

rFire   + . .      SeeInvis .     - Unarmed
rCold   + . .      Faith    .   b - +0 kite shield
rNeg    . . .      Spirit   .   H - +2 robe {rC+ rF+}
rPois   .          Reflect  +   (helmet restricted)
rElec   .          Harm     .   C - scarf {repulsion}
rCorr   .          Rampage  .   (gloves unavailable)
Will    .....                   (boots unavailable)
Stlth   +.........              B - amulet of reflection
HPRegen 1.06/turn               (no ring)
MPRegen 0.11/turn               (no ring)

@: mighty, invisible, repel missiles
A: large, unfitting armour, claws 3, regeneration 1, shaggy fur 1, tough skin 1,
inability to train dodging
a: Renounce Religion


You were in a bailey.
You worshipped Ru.
Ru was aware of your devotion.
You visited 2 branches of the dungeon, and saw 9 of its levels.
You also visited: Ossuary and Bailey.

You collected 368 gold pieces.


Innate Abilities, Weirdness & Mutations

You are too large for most types of armour.
You have claws for hands.
Your natural rate of healing is unusually fast.
You are covered in fur. (AC +1)
You have tough skin. (AC +1)
You cannot train Dodging skill.


   Skills:
 + Level 6.7 Fighting
 + Level 6.7 Throwing
 + Level 7.3 Shields
 + Level 8.1 Unarmed Combat


You had 9 spell levels left.
You didn't know any spells.
Your spell library contained the following spells:

 Spells                   Type           Power      Damage    Failure   Level
 Magic Dart               Conj           0%         1d3       75%         1
 Call Imp                 Summ           0%         N/A       87%         2
 Mephitic Cloud           Conj/Pois/Air  0%         N/A       98%         3
 Fireball                 Conj/Fire      0%         3d3       100%        5
 Starburst                Conj/Fire      0%         6d3       100%        6
 Ignition                 Fire           0%         3d3       100%        8

Inventory:

Missiles
 l - 7 boomerangs (quivered) {throwing}
Armour
 a - the +0 robe of Vosuc {rN++ Str-3}
   (You found it on level 7 of the Dungeon)

   Str:       It affects your strength (-3).
   rN:        It greatly protects you from negative energy.
 b - a +0 kite shield (worn)
 C - a scarf of repulsion (worn)
   (You found it on level 6 of the Dungeon)
 H - a +2 robe of resistance (worn)
   (You took it off Pikel on level 6 of the Dungeon)
Jewellery
 g - a ring of ice
   (You found it on level 1 of the Dungeon)
 A - a ring of flight
   (You found it on level 5 of the Dungeon)
 B - an amulet of reflection (around neck)
   (You found it on level 5 of the Dungeon)
 F - a ring of fire
   (You found it on level 6 of the Dungeon)
Wands
 f - a wand of flame (19)
   (You found it on level 6 of the Dungeon)
 I - a wand of charming (21)
   (You found it on level 7 of the Dungeon)
Scrolls
 d - 2 scrolls of silence {unknown}
 h - a scroll of vulnerability {unknown}
 i - a scroll of enchant armour {unknown}
 k - a scroll of amnesia {unknown}
 m - 2 scrolls of fog {unknown}
 n - 4 scrolls of identify {unknown}
 o - 9 scrolls of teleportation {unknown}
 s - 2 scrolls of noise {unknown}
 u - a scroll of enchant weapon {unknown}
 y - 2 scrolls of magic mapping {unknown}
 z - 2 scrolls of torment {unknown}
 D - 2 scrolls of blinking {unknown}
Potions
 c - a potion of might
 e - 4 potions of flight {unknown}
 j - 2 potions of curing {unknown}
 p - 3 potions of heal wounds {unknown}
 q - a potion of lignification {unknown}
 r - a potion of attraction {unknown}
 t - a potion of berserk rage {unknown}
 v - 2 potions of mutation {unknown}
 w - 4 potions of brilliance {unknown}
 x - a potion of invisibility
 G - a potion of cancellation {unknown}

Dungeon Overview and Level Annotations

Branches:
Dungeon (8/15) Zot: 26714  Temple (1/1) D:5 Zot: 5860    Lair (0/6) D:8
Ossuary (visited)          Bailey (1/1) Zot: 5828

Altars:
Ashenzari
Cheibriados
Dithmenos
Elyvilon
Fedhas
Gozag
Kikubaaqudgha
Makhleb
Nemelex Xobeh
Qazlal
Ru
Sif Muna
Uskayaw
Vehumet
Xom
Yredelemnul
Zin
The Shining One
Beogh

Shops:
D:2 (

Annotations:
D:4 3 runed translucent doors, attentat's ghost, amateur MfGl

#######
###.....###
##.........##
##...........##
#....∩...∩....#
##.....@.....##
##.........##
###≈)))≈###
#≈≈≈≈≈#
##≈≈≈≈≈##
##.......#
##.........#
##..#♣##♣##..#
##..## #..#


There were no monsters in sight!


Message History

You throw a boomerang {throwing}. The boomerang {throwing} hits the ogre!
A two-headed ogre comes into view. It is wielding two +0 halberds.
Throw: 7 boomerangs {throwing}
Press: ? - help, Q - select action, (/) - cycle Shift-Dir - straight line, f/p - ogre
Aim: an ogre, wielding a +0 halberd (heavily wounded, 76% to hit)
You throw a boomerang {throwing}.
The boomerang {throwing} hits the ogre!!
You kill the ogre!
Throw: 7 boomerangs {throwing}
Press: ? - help, Q - select action, (/) - cycle Shift-Dir - straight line, f - you
Okay, then.
You enter the shallow water.
Moving in this stuff is going to be slow.
Things that are here:
a +0 halberd {polearm}; a +0 halberd {polearm}; an ogre corpse Throw: 7 boomerangs {throwing}
Press: ? - help, Q - select action, (/) - cycle Shift-Dir - straight line, f - two-headed ogre
Aim: a two-headed ogre, wielding two +0 halberds (76% to hit)
You throw a boomerang {throwing}.
The boomerang {throwing} hits the two-headed ogre!
Throw: 7 boomerangs {throwing}
Press: ? - help, Q - select action, (/) - cycle Shift-Dir - straight line, f/p - two-headed ogre
Aim: a two-headed ogre, wielding two +0 halberds (moderately wounded, 76% to hit)
You throw a boomerang {throwing}.
The boomerang {throwing} hits the two-headed ogre.
Throw: 7 boomerangs {throwing}
Press: ? - help, Q - select action, (/) - cycle Shift-Dir - straight line, f/p - two-headed ogre
Aim: a two-headed ogre, wielding two +0 halberds (moderately wounded, 76% to hit)
Okay, then.
The two-headed ogre hits you but does no damage.
The two-headed ogre barely misses you.
You claw the two-headed ogre!
You block the two-headed ogre's attack. x2
You claw the two-headed ogre! You claw the two-headed ogre!
You block the two-headed ogre's attack. The two-headed ogre barely misses you.
You mangle the two-headed ogre!!
You kill the two-headed ogre!
You hear a splash. x2
Your Unarmed Combat skill increases to level 8!
Unknown command.
Unknown command.
You enter the shallow water.
Moving in this stuff is going to be slow.
Items here: )))) †.
Items here: ))) †.
Items here: ))) †.
Items here: ))) †.
Items here: )))) †.
Okay, then.
Items here: ))) †.
Okay, then.
Items here: ))) †.
Okay, then.
A spriggan comes into view.
It is wielding the +11 war axe of Raep {vorpal, rElec rF+ Str+2 Dex-5}.
Throw: 7 boomerangs {throwing}
Press: ? - help, Q - select action, (/) - cycle Shift-Dir - straight line, f - spriggan
Aim: a spriggan, wielding the +11 war axe of Raep {vorpal, rElec rF+ Str+2 Dex-5} (wandering, hasn't noticed you, 34% to hit)
You throw a boomerang {throwing}.
The boomerang {throwing} barely misses the spriggan.
The spriggan shouts!
The spriggan attacks as you move away!
The spriggan hits you with the +11 war axe of Raep {vorpal, rElec rF+ Str+2 Dex-5}! x2
HP[-27]
You take 27 damage, and now have 73/100 hp.
MASSIVE DAMAGE!! (PAUSE) HP[+1]
You enter the shallow water.
Moving in this stuff is going to be slow.
HP[+1]
The spriggan attacks as you move away!
The spriggan hits you with the +11 war axe of Raep {vorpal, rElec rF+ Str+2 Dex-5}!
The spriggan hits you with the +11 war axe of Raep {vorpal, rElec rF+ Str+2 Dex-5}.
HP[-14]
You take 14 damage, and now have 61/100 hp.
The spriggan attacks as you move away!
The spriggan hits you with the +11 war axe of Raep {vorpal, rElec rF+ Str+2 Dex-5}!!
* * * LOW HITPOINT WARNING * * *
x2 The spriggan drinks a potion.
The spriggan flickers and vanishes!
Deactivating autopickup; reactivate with Ctrl-A.
Items here: )))) †.
HP[-26]
You take 26 damage, and now have 35/100 hp.
MASSIVE DAMAGE!! (PAUSE) HP[+2]
You regained 2 hp, and now have 37/100 hp.
You feel very mighty all of a sudden. Something hits you!
* * * LOW HITPOINT WARNING * * *
x2 HP[-12]
You take 12 damage, and now have 25/100 hp.
You fade into invisibility!
Something hits you!!
* * * LOW HITPOINT WARNING * * *
x2 HP[-21]
You take 21 damage, and now have 4/100 hp.
MASSIVE DAMAGE!! (PAUSE) HP[+1]
Something hits you!
You die...

Skill      XL: |  1  2  3  4  5  6  7  8  9 10 |
---------------+-------------------------------+-----
Unarmed Combat | 3 4 5 6 7 8 |  8.1
Throwing       | 1 2 3 5 6 |  6.7
Shields        | 3 4 5 7 |  7.3
Fighting       | 3 4 5 6 |  6.7
Dodging        | 0 |  0.0

Action                   |  1- 3 |  4- 6 |  7- 9 | 10-12 || total
-------------------------+-------+-------+-------+-------++-------
Melee: Unarmed           |   101 |   123 |   318 |    13 ||   555
Throw: Boomerang         |     1 |    11 |     3 |     6 ||    21
Invok: Sacrifice Nimblen |       |       |     1 |       ||     1
Evoke: Wand              |       |       |     2 |       ||     2
  Use: Potion            |       |       |       |     2 ||     2
Armor: Robe              |    29 |    40 |    54 |     2 ||   125
Dodge: Dodged            |    34 |    44 |    68 |     3 ||   149
Block: Kite shield       |    30 |    37 |   181 |     7 ||   255
       Reflection        |       |       |     6 |       ||     6

Levels and vault maps discovered:
D:1:      amcnicky_arrival_double_pillar, layout_loops_corners
D:2:      layout_basic, serial_shops, nicolae_shop_waterfront,
          shapermc_ecumenical_altar_flowoftime, minmay_misc_feat_plants
D:3:      layout_basic, mainiacjoe_overflow_catwalk_spiral,
          mainiacjoe_overflow_alcove_2, minmay_misc_feat_square, wad_orctagon
D:4:      layout_basic, enter_ossuary_2, serial_bayou, serial_bayou_ford_a,
          serial_bayou_lake_a, serial_bayou_pond_b, serial_bayou_lagoon_b,
          biasface_ghost_orc_armoury, serial_park_tiny_pond,
          chequers_serial_rivers_micro_b
D:5:      cheibrodos_barr_body, layout_rooms, mainiacjoe_overflow_alcove_4,
          minmay_temple_entry_proselytizer
D:6:      minmay_angry_zag, layout_loops_ring, st_stairs_9, minmay_fountain_box
D:7:      layout_basic, uniq_pikel
D:8:      kennysheep_ambush_hall, layout_basic, lair_entry_dummy,
          enter_bailey_7, nicolae_shop_unique_rings, uniq_maurice
Temple:   jpeg_temple_clearing
Bailey:   bailey_polearm_enchanted_keep_hellmonk, bailey

Notes
Turn   | Place    | Note
-------+----------+-------------------------------------------
     0 | D:1      | zeratav the Troll Fighter began the quest for the Orb.
     0 | D:1      | Reached XP level 1. HP: 22/22 MP: 0/0
     0 | D:1      | magus.rc [v1.9.6]
   474 | D:1      | Reached XP level 2. HP: 29/29 MP: 1/1
   755 | D:2      | Reached skill level 3 in Unarmed Combat
   927 | D:2      | Found Cues's Weapon Emporium.
   929 | D:2      | You pick up a book of Minor Magic and begin reading...
   929 | D:2      | You add the spells Magic Dart, Call Imp and Mephitic Cloud
                  | to your library.
  1241 | D:2      | Found a faded altar of an unknown god.
  1574 | D:3      | Reached XP level 3. HP: 36/36 MP: 2/2
  1635 | D:3      | Found a glowing golden altar of the Shining One.
  1733 | D:3      | Found an opulent altar of Gozag.
  1734 | D:3      | Found a shimmering altar of Xom.
  1919 | D:3      | Reached skill level 1 in Throwing
  1975 | D:3      | Reached skill level 3 in Shields
  2319 | D:3      | Reached XP level 4. HP: 44/44 MP: 3/3
  2622 | D:4      | Noticed a necrophage
  2631 | D:4      | Killed a necrophage
  2632 | D:4      | Reached skill level 3 in Fighting
  2632 | D:4      | Reached XP level 5. HP: 50/53 MP: 4/4
  2968 | D:4      | Found a sand-covered staircase.
  2974 | Ossuary  | Entered an ossuary
  2988 | Ossuary  | Reached skill level 2 in Throwing
  3044 | Ossuary  | Reached skill level 4 in Unarmed Combat
  3052 | Ossuary  | Reached XP level 6. HP: 61/61 MP: 5/5
  3498 | D:4      | Found a runed translucent gate.
  3499 | D:4      | Found a runed translucent gate.
  3499 | D:4      | Noticed attentat's ghost (amateur MfGl)
  3500 | D:4      | Found a runed translucent gate.
  3791 | D:5      | Entered Level 5 of the Dungeon
  3821 | D:5      | You pick up a book of Fire and begin reading...
  3821 | D:5      | You add the spells Fireball, Starburst and Ignition to your
                  | library.
  3884 | D:5      | Reached skill level 4 in Shields
  3923 | D:5      | Noticed a vampire
  3934 | D:5      | Killed a vampire
  3935 | D:5      | Reached skill level 3 in Throwing
  3935 | D:5      | Reached XP level 7. HP: 20/68 MP: 6/6
  3936 | D:5      | HP: 16/68 [worm (6)]
  4013 | D:5      | Reached skill level 4 in Fighting
  4046 | D:5      | Reached skill level 5 in Unarmed Combat
  4372 | D:5      | Found a staircase to the Ecumenical Temple.
  4384 | Temple   | Entered the Ecumenical Temple
  4551 | Temple   | Became a worshipper of Ru the Awakened
  4649 | D:5      | Found a snail-covered altar of Cheibriados.
  4850 | D:6      | Reached XP level 8. HP: 79/79 MP: 7/7
  4872 | D:6      | Reached skill level 4 in Throwing
  5018 | D:6      | Reached skill level 5 in Shields
  5303 | D:6      | Reached skill level 6 in Unarmed Combat
  5391 | D:6      | Reached skill level 5 in Fighting
  5504 | D:6      | Reached skill level 5 in Throwing
  5606 | D:7      | Reached XP level 9. HP: 79/88 MP: 8/8
  5679 | D:6      | HP: 22/88 [orc/+0 hand axe (4)]
  5680 | D:6      | Reached skill level 6 in Shields
  5754 | D:7      | Noticed Pikel
  5773 | D:6      | Killed Pikel
  5834 | D:7      | Reached skill level 7 in Unarmed Combat
  5860 | D:7      | HP: 18/89 [steam dragon] (6)]
  5865 | D:7      | HP: 15/89 [steam dragon (3)]
  5866 | D:7      | HP: 7/89 [steam dragon/ball of steam (10)]
  5868 | D:7      | Reached skill level 6 in Fighting
  5958 | D:7      | Gained mutation: You cannot train Dodging skill. [Ru
                  | sacrifice]
  5958 | D:7      | Reduced skill Dodging to level 0
  5958 | D:7      | Reached * piety under Ru
  5988 | D:7      | Reached skill level 6 in Throwing
  6061 | D:7      | Identified the +0 robe of Vosuc {rN++ Str-3}
  6487 | D:8      | Found a staircase to the Lair.
  6580 | D:8      | Noticed Maurice
  6592 | D:8      | Noticed a two-headed ogre
  6600 | D:8      | Your ally Maurice died
  6751 | D:8      | Found a flagged portal.
  6773 | Bailey   | Entered a bailey
  6802 | Bailey   | Reached skill level 7 in Shields
  6805 | Bailey   | Reached XP level 10. HP: 65/100 MP: 9/9
  6891 | Bailey   | Noticed a two-headed ogre
  6909 | Bailey   | Killed a two-headed ogre
  6910 | Bailey   | Reached skill level 8 in Unarmed Combat
  6922 | Bailey   | Identified the +11 war axe of Raep {vorpal, rElec rF+ Str+2
                  | Dex-5}
  6931 | Bailey   | HP: 25/100 [something (1)]
  6932 | Bailey   | HP: 8/100 [something (18)]
  6934 | Bailey   | Mangled by a spriggan

Vanquished Creatures
  A two-headed ogre (Bailey)
  Pikel (D:6)
  2 spriggans (Bailey)
  A vampire (D:5)
  2 steam dragons (D:7)
  3 black bears
  3 ice beasts
  A sky beast (D:6)
  An orc warrior (D:6)
  A centaur (D:6)
  7 ogres (Bailey)
  A phantom (D:5)
  2 kobold brigands (D:6)
  2 bullfrogs
  A necrophage (D:4)
  4 scorpions
  2 centaur zombies (Ossuary)
  2 hounds (D:7)
  3 jellies
  3 orc priests
  2 boudas
  5 iguanas
  5 orc wizards
  6 mummies (Ossuary)
  12 gnolls
  7 adders
  2 shadow imps
  4 white imps
  4 worms
  A dart slug (D:4)
  24 orcs
  3 endoplasms
  6 goblins
  4 hobgoblins
  A jackal (D:5)
  15 kobolds
  3 quokkas
  6 ball pythons
  5 bats
  3 frilled lizards
  6 hobgoblin zombies (Ossuary)
  2 rats
169 creatures vanquished.

Vanquished Creatures (others)
  Maurice (D:8)
  A jelly (D:8)
  A white imp (D:7)
  17 plants (D:4)
20 creatures vanquished.

Grand Total: 189 creatures vanquished

Table legend:
 A = Non-vault XP
 B = Vault XP
 C = Vault XP percentage of total XP
 D = Non-vault monster count
 E = Vault monster count
 F = Vault count percentage of total count
                 A         B        C        D         E       F
            +---------+---------+-------+---------+---------+-------
      Total |    2537 |    4307 |  62.9 |     113 |      56 |  33.1
            +---------+---------+-------+---------+---------+-------
        D:1 |      18 |       0 |   0.0 |      12 |       0 |   0.0
        D:2 |      22 |       0 |   0.0 |      13 |       0 |   0.0
        D:3 |      51 |      12 |  19.0 |      13 |       4 |  23.5
        D:4 |     117 |      14 |  10.7 |      14 |       1 |   6.7
        D:5 |     316 |     529 |  62.6 |       7 |      13 |  65.0
        D:6 |     722 |    1389 |  65.8 |      22 |      10 |  31.2
        D:7 |    1165 |       0 |   0.0 |      24 |       0 |   0.0
        D:8 |     126 |      43 |  25.4 |       8 |       4 |  33.3
    Ossuary |       0 |     212 | 100.0 |       0 |      14 | 100.0
     Bailey |       0 |    2108 | 100.0 |       0 |      10 | 100.0
            +---------+---------+-------+---------+---------+-------

Illustrated notes

Table legend:
 A = Kills in this place as a percentage of kills in entire the game.
 B = Kills by you in this place as a percentage of kills by you in the entire game.
 C = Kills by friends in this place as a percentage of kills by friends in the entire game.
 D = Other kills in this place as a percentage of other kills in the entire game.
 E = Experience gained in this place as a percentage of experience gained in the entire game.
 F = Experience gained in this place divided by the number of levels of this place that you have seen.
                   A       B       C       D       E      F
               +-------+-------+-------+-------+-------+----------------------
         Total | 100.0 | 100.0 |   N/A |   N/A | 100.0 | 622.2
       Dungeon |  85.8 |  85.8 |   N/A |   N/A |  66.1 | 565.5
       Ossuary |   8.3 |   8.3 |   N/A |   N/A |   3.1 | 212.0
        Bailey |   5.9 |   5.9 |   N/A |   N/A |  30.8 | 2108.0
               +-------+-------+-------+-------+-------+----------------------

Table legend: (Time is in decaauts)
 A = Elapsed time spent in this place.
 B = Non-inter-level travel time spent in this place.
 C = Inter-level travel time spent in this place.
 D = Time resting spent in this place.
 E = Time spent auto-exploring this place.
 F = Levels seen in this place.
 G = Mean time per level.
                   A        B        C        D        E       F      G
               +--------+--------+--------+--------+--------+-----+--------+
         Total |   7062 |   6661 |    401 |    347 |   4808 |  11 |  642.0 |
       Dungeon |   6575 |   6218 |    357 |    331 |   4647 |   8 |  821.9 |
        Temple |    139 |     95 |     44 |      0 |     82 |   1 |  139.0 |
       Ossuary |    176 |    176 |      0 |      0 |     79 |   1 |  176.0 |
        Bailey |    171 |    171 |      0 |     16 |      0 |   1 |  171.0 |
               +--------+--------+--------+--------+--------+-----+--------+

Top non-repeatable levels by time:
     D:4: 1146 daAuts
     D:6: 1133 daAuts
     D:3: 1004 daAuts
     D:2: 817 daAuts
     D:5: 760 daAuts
     D:1: 753 daAuts
     D:7: 751 daAuts
     D:8: 208 daAuts
 Ossuary: 176 daAuts
  Bailey: 171 daAuts
  Temple: 139 daAuts
